 Dungeon Crawl Stone Soup version 0.31-a0-700-gf13585253f (webtiles) character file.

Game seed: 4777462995594567410

129 LeprechaunX the Changeling (level 5, -4/34 HPs)
             Began as an Octopode Shapeshifter on Sept 7, 2023.
             Was an Initiate of Hepliaklqana.
             Slain by a kobold brigand
             ... wielding a +0 short sword
              (6 damage)
             ... in a sewer.
             The game lasted 00:02:55 (1867 turns).

LeprechaunX the Changeling (Octopode Shapeshifter)  Turns: 1867, Time: 00:02:56

Health: -4/34      AC:  1    Str: 15    XL:     5   Next: 12%
Magic:  5/5        EV: 13    Int: 13    God:    Hepliaklqana [......]
Gold:   137        SH:  0    Dex: 11    Spells: 4/4 levels left

rFire   . .          .
                       - Unarmed
rCold   . . .        (no shield)
rNeg    . . .        (helmet currently unavailable)
rPois   .            e - amulet of regeneration
rElec   .            (no ring)
rCorr   .            (no ring)
SInv    .            (no ring)
Will    .....        (no ring)
Stlth   +++          (no ring)
HPRegen 1.05/turn    (no ring)
MPRegen 0.09/turn    (no ring)
                     (no ring)

%: no passive effects
@: beast-form, slowed, very slow
A: beast (slay +2), almost no armour, amphibious, 8 rings, camouflage 1,
gelatinous body 1, nimble swimmer 1, tentacles
a: Begin Untransformation, Renounce Religion


You were in a sewer.
You worshipped Hepliaklqana.
Hepliaklqana was noncommittal.
You were a hulking beast.
You visited 1 branch of the dungeon, and saw 3 of its levels.
You also visited: Sewer.

You collected 137 gold pieces.

Inventory:

Jewellery
 e - an amulet of regeneration (around mantle)
Talismans
 b - a beast talisman (active)
 c - a flux talisman
Scrolls
 d - 2 scrolls of brand weapon {unknown}
 g - a scroll of fear {unknown}
 i - 2 scrolls of poison {unknown}
 j - 2 scrolls of identify {unknown}
 m - a scroll of acquirement {unknown}
 n - a scroll of noise {unknown}
 o - a scroll of revelation {unknown}
Potions
 a - 2 potions of lignification
 f - a potion of cancellation {unknown}
 h - 3 potions of curing {unknown}
 k - a potion of attraction {unknown}
 l - a potion of heal wounds {unknown}


   Skills:
 + Level 2.2 Fighting
 + Level 2.8 Dodging
 + Level 3.6 Unarmed Combat
 * Level 4.0 Shapeshifting


You had 4 spell levels left.
You didn't know any spells.
Your spell library was empty.

Dungeon Overview and Level Annotations

Branches:
Dungeon (3/15)              Sewer (1/1)

Altars:
Hepliaklqana


Innate Abilities, Weirdness & Mutations

You are a hulking beast.
Your limbs bulge with bestial killing power. (Slay +2)
You cannot wear most types of armour.
You are amphibious.
You can wear up to eight rings at the same time.
Your skin changes colour to match your surroundings (Stealth+).
Your rubbery body absorbs attacks. (AC +1, EV +1)
You are camouflaged when in or above water. (Stealth+)
You have tentacles for arms and can constrict up to eight enemies at once.


Message History

You are poisoned.
The adder poisons you!
You barely miss the adder. You grab the adder.
The adder is heavily wounded.
You constrict the adder.
You feel sick. The adder closely misses you.
You tentacle-slap the adder.
You kill the adder!
You feel sick.
You start resting.
You feel sick. x4
You are no longer poisoned.
You start resting.
HP restored.
You see here an adder corpse.
You enter the shallow water.
The kobold brigand shouts!
The kobold brigand throws a curare-tipped dart.
The curare-tipped dart hits you.
You are poisoned.
You have difficulty breathing.
You feel yourself slow down.
You feel very sick.
You feel very sick.
You feel very sick.
You start resting.
You feel sick.
A kobold brigand is nearby!
You feel sick.
The kobold brigand hits you with a +0 short sword!
* * * LOW HITPOINT WARNING * * *
The kobold brigand completely misses you.
You tentacle-slap the kobold brigand. Your grab misses the kobold brigand.
The kobold brigand is lightly wounded.
You feel sick.
The kobold brigand hits you with a +0 short sword.
* * * LOW HITPOINT WARNING * * *
You bludgeon the kobold brigand! You grab the kobold brigand.
You squeeze the kobold brigand.
The kobold brigand is heavily wounded.
You constrict the kobold brigand.
You feel sick.
You are no longer poisoned.
The kobold brigand hits you with a +0 short sword.
You die...

~~.~~~# .~~..~#
.~~~~~## #######
~...~..## #####~†~~.#
..##~~~.####~~~~~#####
~####~~.~~..~###.~~~.#
.# #.~~~~~.~# #######
.~ ##.....~~###K~~~.#
#######~†~~h#####
#####~~~~.# #######


You could see a kobold brigand.

Vanquished Creatures
  4 adders
  A river rat (Sewer)
  3 worms
  4 dart slugs
  7 bats
  5 endoplasms
  3 giant cockroaches
  5 goblins
  2 hobgoblins
  7 quokkas
  6 ball pythons
  2 frilled lizards
  10 kobolds
  5 rats
64 creatures vanquished.

Notes
Turn   | Place    | Note
-------+----------+-------------------------------------------
     0 | D:1      | LeprechaunX the Octopode Shapeshifter began the quest for
                  | the Orb.
     0 | D:1      | Reached XP level 1. HP: 13/13 MP: 1/1
   198 | D:1      | Reached XP level 2. HP: 18/18 MP: 2/2
   395 | D:1      | Reached XP level 3. HP: 18/23 MP: 3/3
  1230 | D:2      | Found a hazy altar of Hepliaklqana.
  1278 | D:2      | Became a worshipper of Hepliaklqana the Forgotten
  1368 | D:2      | Reached XP level 4. HP: 21/29 MP: 4/4
  1700 | D:3      | Found a glowing drain.
  1732 | Sewer    | Entered a sewer
  1791 | Sewer    | Reached skill level 4 in Shapeshifting
  1838 | Sewer    | Reached XP level 5. HP: 34/34 MP: 5/5
  1847 | Sewer    | Noticed a kobold brigand
  1867 | Sewer    | Slain by a kobold brigand

Illustrated notes

Levels and vault maps discovered:
D:1:      dpeg_arrival_refuge, layout_basic, minmay_split_cup_large
D:2:      layout_rooms, basic_altar
D:3:      layout_loops_ring, nicolae_wu_jian_glorious_leap, serial_shops, shop,
          cheibrodos_sewer_entry_sluice
Sewer:    sewer_co_tree

Skill      XL: |  1  2  3  4 |
---------------+-------------+-----
Fighting       | 2 |  2.2
Shapeshifting  | 4 |  4.0
Dodging        | |  2.8
Unarmed Combat | |  3.6

Action                     |  1- 3 |  4- 6 || total
---------------------------+-------+-------++-------
  Melee: Unarmed           |    85 |    54 ||   139
         Constrict         |    20 |    15 ||    35
         Tentacles         |    12 |    10 ||    22
         Punch             |     1 |     1 ||     2
   Stab: Sleeping          |     8 |     2 ||    10
 Armour: Skin              |    32 |    23 ||    55
  Dodge: Dodged            |    46 |    25 ||    71

Table legend: (Time is in decaauts)
 A = Elapsed time spent in this place.
 B = Non-inter-level travel time spent in this place.
 C = Inter-level travel time spent in this place.
 D = Time resting spent in this place.
 E = Time spent auto-exploring this place.
 F = Levels seen in this place.
 G = Mean time per level.
                   A        B        C        D        E       F      G
               +--------+--------+--------+--------+--------+-----+--------+
         Total |   1861 |   1786 |     75 |      9 |   1277 |   4 |  465.2 |
       Dungeon |   1725 |   1650 |     75 |      0 |   1196 |   3 |  575.0 |
         Sewer |    136 |    136 |      0 |      9 |     81 |   1 |  136.0 |
               +--------+--------+--------+--------+--------+-----+--------+

Top non-repeatable levels by time:
     D:1: 1059 daAuts
     D:2: 441 daAuts
     D:3: 224 daAuts
   Sewer: 136 daAuts
